 Dungeon Crawl Stone Soup version 0.23-a0-741-g38971ea054 (webtiles) character file.

520 AxeAttX the Cleaver (level 7, -4/62 HPs)
             Began as a Hill Orc Fighter on Jan 18, 2019.
             Slain by a killer bee (6 damage)
             ... on level 4 of the Dungeon.
             The game lasted 00:08:32 (3734 turns).

AxeAttX the Cleaver (Hill Orc Fighter)              Turns: 3734, Time: 00:08:33

Health: -4/62      AC:  7    Str: 21    XL:     7   Next: 21%
Magic:  7/7        EV:  7    Int:  8    God:
Gold:   45         SH:  9    Dex: 10    Spells: 6/6 levels left

rFire    . . .     SeeInvis .   a - +0 war axe
rCold    . . .     Gourm    .   c - +0 shield
rNeg     . . .     Faith    .   b - +1 scale mail
rPois    .         Spirit   .   (no helmet)
rElec    .         Reflect  .   (no cloak)
rCorr    .         Harm     .   (no gloves)
MR       .....                  (no boots)
Stlth    +.........             (no amulet)
HPRegen  0.20/turn              r - ring of stealth
MPRegen  0.10/turn              (no ring)

@: lethally poisoned (-4 -> -7), about to teleport
A: no striking features
a: no special abilities


You were on level 4 of the Dungeon.
You were not hungry.

You visited 1 branch of the dungeon, and saw 4 of its levels.

You collected 135 gold pieces.
You spent 90 gold pieces at shops.

Inventory:

Hand Weapons
 a - a +0 war axe (weapon)
Missiles
 k - a throwing net (quivered)
Armour
 b - a +1 scale mail (worn)
 c - a +0 shield (worn)
Jewellery
 o - an uncursed ring of protection from fire {unknown}
   (You found it on level 4 of the Dungeon)
 r - a ring of stealth (left hand)
   (You found it on level 4 of the Dungeon)
Scrolls
 g - a scroll of magic mapping
 n - a scroll of fear {unknown}
 p - a scroll of immolation {unknown}
 s - a scroll of enchant weapon {unknown}
 w - 4 scrolls of remove curse
Potions
 j - a potion of flight
 l - a potion of ambrosia {unknown}
 m - a potion of agility {unknown}
Comestibles
 e - 11 rations
 f - 5 chunks of flesh


   Skills:
 + Level 5.8 Fighting
 + Level 8.7 Axes
 - Level 3.2 Armour
 - Level 3.2 Shields


You had 6 spell levels left.
You didn't know any spells.
Your spell library was empty.

Dungeon Overview and Level Annotations

Branches:
Dungeon (4/15)
 Temple: D:4-7

Altars:
Elyvilon
Hepliaklqana
Okawaru
Ru
Zin

Annotations:
D:3 3 runed doors, 2 transporters, kaisn's ghost, amateur FoFi


Message History

You see here a war axe.
You see here a war axe.
Items here: )) [[ รท a +0 ring mail; a +0 short sword x2; a cursed +0 ring mail; an orc skeleton
Things that are here:
a +0 dagger; an orc skeleton
Things that are here:
a +0 hand axe; a +0 leather armour; an orc skeleton
Found a stone staircase leading down.
Found 14 sling bullets, a scale mail and 23 arrows.
Found 19 stones.
You now have 21 gold pieces (gained 9).
You now have 36 gold pieces (gained 15).
You now have 45 gold pieces (gained 9).
Found 15 poisoned needles.
A killer bee comes into view.
The killer bee buzzes angrily.
A killer bee is nearby!
The killer bee stings you.
You hit the killer bee.
The killer bee is lightly wounded.
You block the killer bee's attack.
The killer bee stings you but does no damage.
You closely miss the killer bee.
The killer bee is lightly wounded.
The killer bee stings you.
You are poisoned.
The killer bee poisons you! You block the killer bee's attack.
You miss the killer bee.
The killer bee is lightly wounded.
You feel sick. You block the killer bee's attack. The killer bee stings you.
You are more poisoned.
The killer bee poisons you! The killer bee stings you!
You are more poisoned.
The killer bee poisons you!
You hit the killer bee.
The killer bee is lightly wounded.
You feel very sick. The killer bee stings you.
You are more poisoned.
The killer bee poisons you! You block the killer bee's attack.
Your shield and scale mail prevent you from hitting the killer bee.
The killer bee is lightly wounded.
You feel sick.
The killer bee stings you but does no damage.
The killer bee stings you. You block the killer bee's attack.
You turn into a tree.
Your +0 scale mail melds into your body.
Your roots penetrate the ground.
You feel sick. The killer bee stings you. x2
You hit the killer bee.
The killer bee is heavily wounded.
You feel very sick. You block the killer bee's attack. x2
You barely miss the killer bee.
The killer bee is heavily wounded.
You feel sick.
The killer bee stings you but does no damage. x3
You miss the killer bee.
The killer bee is heavily wounded.
You feel sick. You block the killer bee's attack.
The killer bee stings you but does no damage.
You slash the killer bee!
You kill the killer bee!
You feel sick.
Okay, then.
You start resting.
You feel sick. x5
Your transformation is almost over.
You feel sick.
You start resting.
You feel sick. x6
A killer bee comes into view.
The killer bee moves out of view.
You start resting.
A killer bee comes into view.
There are monsters nearby!
There are monsters nearby!
You feel less wooden.
Your +0 scale mail unmelds from your body.
You feel sick.
A killer bee comes into view.
As you read the scroll labeled ZAGOS GYVIGOLL, it crumbles to dust.
It is a scroll of enchant armour.
Your +0 scale mail glows green for a moment.
The killer bee buzzes angrily. x2
Okay, then.
Okay, then.
As you read the scroll labeled QEANUMI RORYNU, it crumbles to dust.
You feel strangely unstable.
It was a scroll of teleportation.
You feel sick. The killer bee stings you.
* * * LOW HITPOINT WARNING * * *
You are lethally poisoned!
The killer bee poisons you! The killer bee barely misses you.
You feel better. The killer bee stings you.
* * * LOW HITPOINT WARNING * * *
The killer bee stings you but does no damage.
The killer bee stings you.
* * * LOW HITPOINT WARNING * * *
You are lethally poisoned!
The killer bee poisons you! You block the killer bee's attack.
The killer bee stings you.
You die...

.(..#..(......##..........#######
###........##.##.........>#
...........#..............#
.#####....................# #
##.###...............# # #..
#.#.............#### ###
#.y.....#................##
........#...#..y.....#........#
..###. ..(.....y@.............#
#... ######....y...##........#
#.#. ##.#.........##.....# ..#
...#................#
.##########......<.....(....####
.................#..........##.#
.........##.................##.#
##### #....................(...##
#..........................


You could see 3 killer bees.

Vanquished Creatures
  An ice beast (D:3)
  A phantom (D:4)
  A centaur (D:2)
  A killer bee (D:4)
  An orc priest (D:4)
  An iguana (D:4)
  A worker ant (D:4)
  5 adders
  An ooze (D:4)
  2 worms
  An adder skeleton (D:4)
  A dart slug (D:1)
  4 leopard geckos
  5 orcs
  A ball python (D:1)
  5 bats
  A giant cockroach (D:1)
  8 goblins
  6 hobgoblins
  9 jackals
  A quokka (D:4)
  5 frilled lizards
  7 kobolds
  11 rats
80 creatures vanquished.

Vanquished Creatures (others)
  A giant cockroach (D:2)
1 creature vanquished.

Grand Total: 81 creatures vanquished

Notes
Turn   | Place    | Note
-------+----------+-------------------------------------------
     0 | D:1      | AxeAttX the Hill Orc Fighter began the quest for the Orb.
     0 | D:1      | Reached XP level 1. HP: 19/19 MP: 1/1
    31 | D:1      | Reached skill level 3 in Axes
    57 | D:1      | Reached XP level 2. HP: 10/26 MP: 2/2
   355 | D:1      | Reached skill level 4 in Axes
   766 | D:1      | Reached XP level 3. HP: 30/31 MP: 3/3
  1247 | D:1      | Reached skill level 5 in Axes
  1529 | D:2      | Reached XP level 4. HP: 39/39 MP: 4/4
  1550 | D:2      | Found a white marble altar of Elyvilon.
  1834 | D:2      | Noticed a centaur
  1847 | D:2      | Killed a centaur
  1847 | D:2      | Reached skill level 7 in Axes
  1847 | D:2      | Reached XP level 5. HP: 45/45 MP: 5/5
  1931 | D:2      | Found a hazy altar of Hepliaklqana.
  2292 | D:3      | Found an iron altar of Okawaru.
  2292 | D:3      | Found a sacrificial altar of Ru.
  2296 | D:3      | Noticed an ogre
  2332 | D:3      | Noticed an ice beast
  2338 | D:3      | Killed an ice beast
  2338 | D:3      | Reached skill level 4 in Fighting
  2338 | D:3      | Reached XP level 6. HP: 25/53 MP: 6/6
  2719 | D:3      | Found a runed gate.
  2719 | D:3      | Found a runed gate.
  2719 | D:3      | Found a runed gate.
  2749 | D:3      | Found a transporter.
  2758 | D:3      | Found a transporter.
  2875 | D:3      | Noticed kaisn's ghost (amateur FoFi)
  3251 | D:4      | Reached skill level 5 in Fighting
  3251 | D:4      | Reached skill level 8 in Axes
  3386 | D:4      | Found Zin's Purification Station.
  3389 | D:4      | Found a glowing silver altar of Zin.
  3392 | D:4      | Bought a potion of curing for 90 gold pieces
  3457 | D:4      | Noticed a phantom
  3516 | D:4      | Killed a phantom
  3516 | D:4      | Reached XP level 7. HP: 38/61 MP: 7/7
  3733 | D:4      | HP: 7/62 [killer bee (6)]
  3734 | D:4      | HP: 2/62 [killer bee (6)]
  3734 | D:4      | Slain by a killer bee

Vault maps used:
D:1:      evilmike_arrival_hilbert_curve
D:2:      lemuel_doored_altar, elyvilon_altar_4, first_ration,
          wander_ebering_terrifying_dragon_lair
D:3:      gammafunk_temple_overflow_arena, gammafunk_ghost_icy
D:4:      zin_purify, lemuel_coloured_pillars_altar

Skill      XL: |  1  2  3  4  5  6 |
---------------+-------------------+-----
Axes           | 3 4 5 7 8 |  8.7
Fighting       | 4 5 |  5.8
Armour         | |  3.2
Shields        | |  3.2

Action                   |  1- 3 |  4- 6 |  7- 9 || total
-------------------------+-------+-------+-------++-------
Melee: War axe           |   143 |   133 |    19 ||   295
  Use: Scroll            |       |     5 |     2 ||     7
       Potion            |       |     1 |     2 ||     3
  Eat: Chunk             |     2 |     6 |     1 ||     9
Armor: Scale mail        |    70 |    41 |     5 ||   116
       Skin              |       |       |     4 ||     4
Dodge: Dodged            |    45 |    23 |     4 ||    72
Block: Shield            |    74 |    44 |    12 ||   130

Table legend:
 A = Non-vault XP
 B = Vault XP
 C = Vault XP percentage of total XP
 D = Non-vault monster count
 E = Vault monster count
 F = Vault count percentage of total count
                 A         B        C        D         E       F
            +---------+---------+-------+---------+---------+-------
      Total |     741 |       3 |   0.4 |      79 |       1 |   1.2
            +---------+---------+-------+---------+---------+-------
        D:1 |      55 |       0 |   0.0 |      26 |       0 |   0.0
        D:2 |     177 |       3 |   1.7 |      18 |       1 |   5.3
        D:3 |     166 |       0 |   0.0 |      20 |       0 |   0.0
        D:4 |     343 |       0 |   0.0 |      15 |       0 |   0.0
            +---------+---------+-------+---------+---------+-------

Vault maps used:
D:1:      evilmike_arrival_hilbert_curve
D:2:      lemuel_doored_altar, elyvilon_altar_4, first_ration,
          wander_ebering_terrifying_dragon_lair
D:3:      gammafunk_temple_overflow_arena, gammafunk_ghost_icy
D:4:      zin_purify, lemuel_coloured_pillars_altar

Table legend:
 A = Turns spent in this place as a percentage of turns spent in the entire game.
 B = Non-inter-level travel turns spent in this place as a percentage of non-inter-level travel turns spent in the entire game.
 C = Inter-level travel turns spent in this place as a percentage of turns spent in this place.
 D = Turns resting spent in this place as a percentage of non-inter-level travel turns spent in this place.
 E = Turns spent auto-exploring this place as a percentage of non-inter-level travel turns spent in this place.
 F = Non-inter-level travel turns spent in this place divided by the number of levels of this place that you've seen.
                   A       B       C       D       E      F
               +-------+-------+-------+-------+-------+----------------------
         Total | 100.0 | 100.0 |   2.1 |  21.7 |  58.5 | 914.2
       Dungeon | 100.0 | 100.0 |   2.1 |  21.7 |  58.5 | 914.2
               +-------+-------+-------+-------+-------+----------------------

Table legend:
 A = Kills in this place as a percentage of kills in entire the game.
 B = Kills by you in this place as a percentage of kills by you in the entire game.
 C = Kills by friends in this place as a percentage of kills by friends in the entire game.
 D = Other kills in this place as a percentage of other kills in the entire game.
 E = Experience gained in this place as a percentage of experience gained in the entire game.
 F = Experience gained in this place divided by the number of levels of this place that you have seen.
                   A       B       C       D       E      F
               +-------+-------+-------+-------+-------+----------------------
         Total | 100.0 | 100.0 |   N/A |   N/A | 100.0 | 186.0
       Dungeon | 100.0 | 100.0 |   N/A |   N/A | 100.0 | 186.0
               +-------+-------+-------+-------+-------+----------------------
